 Dungeon Crawl Stone Soup version 0.23-a0-143-g1adec7b (webtiles) character file.

478 DanaSpawn the Chopper (level 6, -2/48 HPs)
             Began as a Demonspawn Fighter on Aug 31, 2018.
             Was a Priest of Jiyva.
             Slain by an orc wizard
             ... wielding a +1 dagger of speed
              (3 damage)
             ... on level 5 of the Dungeon.
             The game lasted 00:03:14 (3673 turns).

DanaSpawn the Chopper (Demonspawn Fighter)          Turns: 3673, Time: 00:03:15

Health: -2/48      AC:  9    Str: 21 (22) XL:     6   Next: 85%
Magic:  0/6        EV: 11    Int: 19      God:    Jiyva [***...]
Gold:   100        SH:  9    Dex: 11 (14) Spells: 5/5 levels left

rFire    . . .     SeeInvis .   a - +0 war axe
rCold    . . .     Gourm    .   c - +0 shield
rNeg     + . .     Faith    .   r - +2 scale mail {rN+}
rPois    .         Spirit   +   (helmet restricted)
rElec    .         Reflect  .   (no cloak)
rCorr    +         Harm     .   (no gloves)
MR       .....                  (no boots)
Stlth    ..........             (no amulet)
HPRegen  0.16/turn              u - +5 ring of intelligence
MPRegen  0.10/turn              (no ring)

@: mighty, brilliant, flying, hasted, very quick
A: horns 2, repulsion field 2, blurry vision 1, demonic guardian 1, magic shield
a: Request Jelly, Renounce Religion


You were on level 5 of the Dungeon.
You worshipped Jiyva.
Jiyva was most pleased with you.
You were not hungry.

You visited 1 branch of the dungeon, and saw 5 of its levels.

You collected 100 gold pieces.

Inventory:

Hand Weapons
 a - a +0 war axe (weapon)
Armour
 b - a +0 scale mail
 c - a +0 shield (worn)
 r - a +2 scale mail of positive energy (worn)
Jewellery
 u - a +5 ring of intelligence (left hand)
Wands
 v - a wand of flame (24)
Scrolls
 g - a scroll of immolation {unknown}
 j - 2 scrolls of amnesia {unknown}
 k - 2 scrolls of enchant weapon {unknown}
 l - a scroll of fog {unknown}
 m - 3 scrolls of remove curse {unknown}
 p - a scroll of magic mapping {unknown}
 q - 3 scrolls of teleportation {unknown}
 t - 3 scrolls of identify {unknown}
 y - a scroll of enchant armour {unknown}
Potions
 x - a potion of haste
Comestibles
 f - 12 rations


   Skills:
 + Level 3.6 Fighting
 * Level 5.3 Axes
 + Level 3.7 Armour
 + Level 1.1 Dodging
 + Level 3.4 Shields


You had 5 spell levels left.
You didn't know any spells.
Your spell library contained the following spells:

 Spells                   Type           Power        Failure   Level  Hunger
 Animate Skeleton         Necr           N/A          24%         1    ##.....
 Apportation              Tloc           ##....       24%         1    ##.....
 Confusing Touch          Hex            ##....       24%         1    ##.....
 Summon Small Mammal      Summ           ##..         24%         1    ##.....


Dungeon Overview and Level Annotations

Branches:
Dungeon (5/15)
 Temple: D:4-7

Altars:
Ashenzari
Fedhas
Nemelex Xobeh
Trog
Jiyva


Innate Abilities, Weirdness & Mutations

You have a pair of horns on your head.
You are surrounded by a moderate repulsion field. (EV +3)
A weak demonic guardian rushes to your aid.
When hurt, damage is shared between your health and your magic reserves.
Scrolls take you a little longer to read.


Message History

Deactivating autopickup; reactivate with Ctrl-A.
The puff of frost hits you!
* * * LOW HITPOINT WARNING * * *
Your iron imp closely misses the orc.
The howler monkey barely misses you.
Unknown command.
Unknown command.
You hit the orc. You headbutt the orc.
You kill the orc!
You miss something. You hit the howler monkey.
You kill the howler monkey!
Your Dodging skill increases to level 1!
Something hits you but does no damage. x2
Unknown command.
You miss something. Your headbutt misses something.
Something hits you but does no damage.
You miss something. Something hits you.
* * * LOW HITPOINT WARNING * * *
Something hits you but does no damage.
You barely miss something. Something hits you.
You die...

#########
#.......#
#@......#
#{5.....#
#.).....#
#....$..#
#...≈...#
#.......#
#...†...#
#.........#
#.........#


You could see a friendly iron imp.

Vanquished Creatures
  A sky beast (D:5)
  A howler monkey (D:5)
  An iguana (D:4)
  An orc wizard (D:5)
  2 worker ants
  3 adders
  2 gnolls (D:5)
  3 worms
  2 dart slugs (D:1)
  5 leopard geckos
  2 orcs
  11 bats
  4 giant cockroaches
  5 goblins
  3 hobgoblins (D:1)
  3 jackals (D:3)
  8 frilled lizards
  9 kobolds
  A leopard gecko skeleton (D:4)
  6 rats
73 creatures vanquished.

Vanquished Creatures (collateral kills)
  An ogre (D:4)
  Blork the orc (D:4)
  A hound (D:3)
  A worker ant (D:5)
  A gnoll (D:5)
  A quokka (D:4)
6 creatures vanquished.

Vanquished Creatures (others)
  Ijyb (D:4)
  A worker ant (D:4)
2 creatures vanquished.

Grand Total: 81 creatures vanquished

Notes
Turn   | Place    | Note
-------+----------+-------------------------------------------
     0 | D:1      | DanaSpawn the Demonspawn Fighter began the quest for the
                  | Orb.
     0 | D:1      | Reached XP level 1. HP: 18/18 MP: 1/1
   229 | D:1      | Reached skill level 2 in Axes
   271 | D:1      | Gained mutation: You are surrounded by a mild repulsion
                  | field. (EV +2) [demonic ancestry]
   271 | D:1      | Reached XP level 2. HP: 24/24 MP: 2/2
   566 | D:1      | Found a shattered altar of Ashenzari.
  1061 | D:1      | Gained mutation: A weak demonic guardian rushes to your
                  | aid. [demonic ancestry]
  1061 | D:1      | Reached XP level 3. HP: 19/29 MP: 3/3
  1489 | D:2      | Found a sparkling altar of Nemelex Xobeh.
  1923 | D:2      | Gained mutation: You are surrounded by a moderate repulsion
                  | field. (EV +3) [demonic ancestry]
  1923 | D:2      | Reached XP level 4. HP: 32/35 MP: 4/4
  2315 | D:3      | Reached skill level 3 in Axes
  2409 | D:3      | Found a faded altar of an unknown god.
  2426 | D:3      | Became a worshipper of Jiyva Jaores the Shapeless
  2426 | D:3      | Reached * piety under Jiyva
  2682 | D:3      | Reached ** piety under Jiyva
  3069 | D:4      | Noticed Blork the orc
  3078 | D:4      | Killed Blork the orc
  3078 | D:4      | Gained mutation: When hurt, damage is shared between your
                  | health and your magic reserves. [demonic ancestry]
  3078 | D:4      | Reached XP level 5. HP: 41/41 MP: 5/5
  3108 | D:4      | Found a bloodstained altar of Trog.
  3122 | D:4      | Reached skill level 4 in Axes
  3307 | D:4      | Killed Ijyb
  3393 | D:4      | Noticed an ogre
  3401 | D:4      | Killed an ogre
  3401 | D:4      | Gained mutation: You have a pair of small horns on your
                  | head. [demonic ancestry]
  3401 | D:4      | Reached XP level 6. HP: 33/47 MP: 4/6
  3408 | D:4      | Reached *** piety under Jiyva
  3558 | D:4      | Found a blossoming altar of Fedhas.
  3639 | D:5      | Entered Level 5 of the Dungeon
  3639 | D:5      | Noticed a sky beast
  3656 | D:5      | Gained mutation: Scrolls take you a little longer to read.
                  | [potion of mutation]
  3656 | D:5      | Gained mutation: You have a pair of horns on your head.
                  | [potion of mutation]
  3662 | D:5      | HP: 2/47 [something (3)]
  3667 | D:5      | Killed a sky beast
  3667 | D:5      | Reached skill level 5 in Axes
  3669 | D:5      | HP: 2/48 [something/puff of frost (6)]
  3670 | D:5      | Reached skill level 1 in Dodging
  3673 | D:5      | Slain by an orc wizard

Vault maps used:
D:1:      saegor_arrival_simple_c, serial_curves, eino_curves_01,
          eino_curves_01, eino_curves_04, serial_bayou_pond_b,
          nicolae_ashenzari_panopticon
D:2:      lemuel_upstairs_altar, nicolae_overflow_hidden_temple, first_ration,
          serial_glass, glass_columns_a, glass_columns_b
D:3:      chequers_ecumenical_altar_simple_redux
D:4:      fedhas_altar_4, bloody_trog, uniq_blork_the_orc, uniq_ijyb
D:5:      temple_hall_moat, uniq_crazy_yiuf_cottage

Skill      XL: |  1  2  3  4  5  6 |
---------------+-------------------+-----
Axes           | 2 3 4 5 |  5.3
Armour         | 3 |  3.7
Shields        | 3 |  3.4
Dodging        | 1 |  1.1
Fighting       | |  3.6

Action                   |  1- 3 |  4- 6 || total
-------------------------+-------+-------++-------
Melee: War axe           |   150 |   121 ||   271
       Headbutt          |       |     3 ||     3
  Use: Potion            |       |    11 ||    11
 Stab: Distracted        |       |     1 ||     1
  Eat: Chunk             |     3 |     5 ||     8
Armor: Scale mail        |    70 |    60 ||   130
Dodge: Dodged            |    67 |    57 ||   124
Block: Shield            |    93 |    60 ||   153

Table legend:
 A = Non-vault XP
 B = Vault XP
 C = Vault XP percentage of total XP
 D = Non-vault monster count
 E = Vault monster count
 F = Vault count percentage of total count
                 A         B        C        D         E       F
            +---------+---------+-------+---------+---------+-------
      Total |     611 |      72 |  10.5 |      74 |       5 |   6.3
            +---------+---------+-------+---------+---------+-------
        D:1 |      36 |       6 |  14.3 |      18 |       4 |  18.2
        D:2 |      60 |       0 |   0.0 |      19 |       0 |   0.0
        D:3 |      77 |       0 |   0.0 |      21 |       0 |   0.0
        D:4 |     156 |      66 |  29.7 |       7 |       1 |  12.5
        D:5 |     282 |       0 |   0.0 |       9 |       0 |   0.0
            +---------+---------+-------+---------+---------+-------
